 Dungeon Crawl Stone Soup version 0.25-a0-161-gb7fd73da8f (webtiles) character file.

Game seed: 15839279880019686415, levelgen mode: deterministic

1843 Leeroy the Carver (level 8, 0/63 HPs)
             Began as a Purple Draconian Skald on Nov 21, 2019.
             Was a Priest of Okawaru.
             Slain by a manticore (5 damage)
             ... on level 6 of the Dungeon.
             The game lasted 00:23:36 (6765 turns).

Leeroy the Carver (Purple Draconian Skald)          Turns: 6765, Time: 00:23:37

Health: 0/63       AC: 15    Str: 13    XL:     8   Next: 87%
Magic:  4/12       EV: 19    Int: 15    God:    Okawaru [***...]
Gold:   333        SH:  0    Dex: 12    Spells: 3/13 levels left

rFire    . . .     SeeInvis .   p - +2 falchion (protect)
rCold    . . .     Gourm    .   (no shield)
rNeg     . . .     Faith    .   (armour unavailable)
rPois    .         Spirit   .   (helmet restricted)
rElec    .         Reflect  .   (no cloak)
rCorr    .         Harm     .   (no gloves)
MR       +....                  y - +1 pair of boots
Stlth    +++.......             (no amulet)
HPRegen  0.20/turn              (no ring)
MPRegen  0.13/turn              (no ring)

@: heroism, marked, barbed spikes, protection aura, flying (expiring)
A: breathe power, unfitting armour, cold-blooded, AC +6
a: Breathe Dispelling Energy, Heroism, Renounce Religion


You were on level 6 of the Dungeon.
You worshipped Okawaru.
Okawaru was most pleased with you.
You were not hungry.

You visited 2 branches of the dungeon, and saw 9 of its levels.

You collected 333 gold pieces.

Inventory:

Hand Weapons
 a - a +0 falchion
 e - a +0 dagger
 g - a +1 flail of venom
 m - a +3 dagger of venom
 p - a +2 falchion of protection (weapon)
 q - a +3 short sword of venom
 r - a +1 dagger of holy wrath
 s - a +2 vampiric dagger
 t - a +0 rapier
 z - a +1 flail of draining
 B - a +2 war axe
Missiles
 n - 25 boomerangs (quivered)
 w - 6 boomerangs of dispersal
Armour
 y - a +1 pair of boots (worn)
Jewellery
 h - a cursed -5 ring of evasion {unknown}
Wands
 E - a wand of random effects (20)
Scrolls
 b - 5 scrolls of identify {unknown}
 d - 4 scrolls of amnesia {unknown}
 i - 4 scrolls of remove curse {unknown}
 j - 3 scrolls of blinking {unknown}
 k - 2 scrolls of random uselessness {unknown}
 l - a scroll of teleportation {unknown}
 o - a scroll of fear {unknown}
 v - 2 scrolls of enchant weapon {unknown}
 x - a scroll of enchant armour {unknown}
Potions
 u - a potion of flight
 C - a potion of curing {unknown}
 D - a potion of brilliance
Comestibles
 c - 12 rations
 f - 4 chunks of flesh


   Skills:
 - Level 3.1(8.1) Fighting
 + Level 8.2(13.2) Long Blades
 - Level 7.3(12.3) Dodging
 - Level 3.1 Spellcasting
 - Level 3.6 Charms


You had 3 spell levels left.
You knew the following spells:

 Your Spells              Type           Power        Failure   Level  Hunger
a - Infusion              Chrm           ##..         4%          1    #......
b - Spectral Weapon       Hex/Chrm       #.......     28%         3    ###....
c - Shroud of Golubria    Chrm/Tloc      #.....       14%         2    ##.....
d - Beastly Appendage     Tmut           #.....       21%         1    #......
e - Regeneration          Chrm/Necr      #.........   28%         3    ###....

Your spell library contained the following spells:

 Spells                   Type           Power        Failure   Level  Hunger
 Song of Slaying          Chrm           ##......     7%          2    ##.....
 Sticks to Snakes         Tmut           #.......     30%         2    ##.....
 Spider Form              Tmut/Pois      #.........   52%         3    ###....
 Ice Form                 Ice/Tmut       #.......     89%         4    #####..
 Blade Hands              Tmut           #.........   99%         5    ######.


Dungeon Overview and Level Annotations

Branches:
Dungeon (8/15)             Temple (1/1) D:4
   Lair: D:8-11

Altars:
Cheibriados
Dithmenos
Fedhas
Gozag
Hepliaklqana
Kikubaaqudgha
Makhleb
Nemelex Xobeh
Okawaru
Qazlal
Ru
Sif Muna
Trog
Vehumet
Wu Jian
Yredelemnul
Zin
The Shining One

Shops:
D:5 }

Annotations:
D:3 2 runed translucent doors, Leeroy's ghost, amateur DrSk
D:5 Prince Ribbit
D:7 Harold


Innate Abilities, Weirdness & Mutations

You can breathe bolts of dispelling energy.
Your rich purple scales are hard. (AC +6)
You cannot fit into any form of body armour.
You are cold-blooded and may be slowed by cold attacks.


Message History

There is a stone staircase leading up here.
The orc closely misses you.
You riposte.
You slash the orc!
Your weapon exudes an aura of protection.
You kill the orc!
Okawaru accepts your kill.
You fly upwards.
A ball python and a manticore come into view.
You are starting to lose your buoyancy.
The manticore flicks its tail.
The volley of spikes hits you!
The barbed spikes become lodged in your body.
* * * LOW HITPOINT WARNING * * *
Found a glowing coppery potion.
There is a stone staircase leading down, spattered with blood here.
Okay, then.
You gain the combat prowess of a mighty hero.
The manticore barely misses you.
You riposte.
You hit the manticore.
The manticore is lightly wounded.
The manticore misses you. The manticore claws you.
You die...

...........
.....###.....9...
...######## #...#..
###..#.... ...# .....
#....... ...# ....#
#.....#.[.# .<.#
#...# #......#.#.#
####
###...###..####......
.........# #...#..
#..S..# #..#.#.. #.@#
...#.#.. #..H.#
#...#.. #.##.# .. #.
..# .. #. ## #. #. ..
#! #. .. #. ##


You could see a manticore and a ball python.

Vanquished Creatures
  Edmund (D:5)
  A water moccasin (D:6)
  2 ogres
  2 black bears
  5 bullfrogs
  A scorpion (D:5)
  3 wights
  3 hounds
  2 orc priests
  Jessica (D:2)
  2 bullfrog skeletons
  3 iguanas
  5 worker ants
  2 orc wizards
  Robin (D:3)
  5 gnolls
  7 adders
  A shadow imp (D:5)
  3 oozes
  An adder skeleton (D:4)
  2 worms
  4 dart slugs
  6 leopard geckos
  26 orcs
  2 ball pythons
  5 giant cockroaches
  18 goblins
  4 hobgoblins
  12 jackals
  3 quokkas
  7 bats
  3 frilled lizards (D:3)
  3 kobolds
  3 quokka skeletons
  3 rats
152 creatures vanquished.

Vanquished Creatures (others)
  4 spectral weapons
4 creatures vanquished.

Grand Total: 156 creatures vanquished

Notes
Turn   | Place    | Note
-------+----------+-------------------------------------------
     0 | D:1      | Leeroy the Draconian Skald began the quest for the Orb.
     0 | D:1      | Reached XP level 1. HP: 17/17 MP: 3/3
   344 | D:1      | Reached XP level 2. HP: 21/24 MP: 5/5
   425 | D:1      | Reached skill level 3 in Long Blades
   919 | D:2      | Reached XP level 3. HP: 29/29 MP: 6/6
   924 | D:2      | Learned a level 3 spell: Spectral Weapon
   933 | D:2      | Learned a level 2 spell: Shroud of Golubria
  1078 | D:2      | Found a burning altar of Makhleb.
  1204 | D:2      | Reached skill level 4 in Long Blades
  1457 | D:2      | Reached XP level 4. HP: 27/36 MP: 7/7
  1533 | D:2      | Learned a level 1 spell: Beastly Appendage
  1573 | D:2      | Found a basalt altar of Yredelemnul.
  1619 | D:2      | Noticed Jessica
  1626 | D:2      | Killed Jessica
  1644 | D:2      | Found a glowing silver altar of Zin.
  1732 | D:3      | Reached skill level 5 in Long Blades
  1767 | D:3      | Found a large runed translucent door.
  1767 | D:3      | Found a large runed translucent door.
  1768 | D:3      | Noticed Leeroy's ghost (amateur DrSk)
  2130 | D:3      | Reached XP level 5. HP: 40/42 MP: 8/8
  2339 | D:3      | Found a snail-covered altar of Cheibriados.
  2580 | D:3      | Noticed Robin
  2634 | D:4      | Noticed an ogre
  2653 | D:3      | Killed Robin
  2729 | D:3      | Found a shimmering blue altar of Sif Muna.
  2879 | D:4      | Found a staircase to the Ecumenical Temple.
  2894 | Temple   | Entered the Ecumenical Temple
  2902 | Temple   | Became a worshipper of Warmaster Okawaru
  3018 | D:4      | Killed an ogre
  3018 | D:4      | Reached XP level 6. HP: 27/51 MP: 2/9
  3680 | D:4      | Reached * piety under Okawaru
  3683 | D:4      | Found a sparkling altar of Nemelex Xobeh.
  3879 | D:4      | Reached skill level 5 in Dodging
  4166 | D:5      | Entered Level 5 of the Dungeon
  4197 | D:5      | Your scales start taking on a rich purple colour.
  4197 | D:5      | Reached XP level 7. HP: 54/57 MP: 10/10
  4211 | D:5      | Noticed Edmund
  4274 | D:5      | Killed Edmund
  4274 | D:5      | Reached ** piety under Okawaru
  4839 | D:5      | Noticed Prince Ribbit
  4848 | D:5      | Found Ogiussent's Gadget Shop.
  5278 | D:6      | Reached XP level 8. HP: 62/63 MP: 7/11
  5406 | D:6      | Reached skill level 6 in Long Blades
  6036 | D:5      | Learned a level 3 spell: Regeneration
  6060 | D:6      | Reached skill level 7 in Long Blades
  6206 | D:6      | Noticed a gargoyle
  6664 | D:7      | Reached *** piety under Okawaru
  6664 | D:7      | Reached skill level 8 in Long Blades
  6722 | D:7      | Noticed Harold
  6764 | D:6      | Noticed a manticore
  6765 | D:6      | Slain by a manticore

Levels and vault maps discovered:
D:1:      dpeg_arrival_tiny_j, layout_basic, minmay_misc_feat_columns
D:2:      layout_loops_ring, nicolae_overflow_hidden_temple,
          lemuel_crystal_altar, bloody_makhleb, st_stairs_12, uniq_jessica
D:3:      layout_basic, tgw_sif, ebering_ghost_disaster_area, first_ration,
          kennysheep_slug_shrine, uniq_robin
D:4:      layout_loops_ring, marbit_many_paths,
          minmay_temple_entry_drinking_statues, hangedman_decor_opposing
D:5:      layout_loops_ring, serial_shops, kennysheep_mini, uniq_edmund,
          uniq_prince_ribbit1
D:6:      layout_rooms
D:7:      layout_basic, serial_shops, shop, uniq_harold
D:8:      layout_basic
Temple:   nicolae_temple_x_marks_the_god

Skill      XL: |  1  2  3  4  5  6  7  8 |
---------------+-------------------------+-----
Long Blades    | 3 4 5 8 |  8.2
Charms         | 3 |  3.6
Fighting       | 3 |  3.1
Dodging        | 3 5 7 |  7.3
Spellcasting   | 3 |  3.1

Action                   |  1- 3 |  4- 6 |  7- 9 || total
-------------------------+-------+-------+-------++-------
Melee: Falchion          |   108 |    93 |    21 ||   222
       Tailslap          |    15 |    29 |    24 ||    68
       Headbutt          |       |     1 |     2 ||     3
       Short sword       |       |   124 |   169 ||   293
       Dagger            |       |       |    37 ||    37
Throw: Boomerang         |       |       |     7 ||     7
 Cast: Spectral Weapon   |     1 |     5 |     6 ||    12
       Shroud of Golubri |       |     1 |    12 ||    13
       Beastly Appendage |       |     1 |     1 ||     2
       Infusion          |       |     1 |     1 ||     2
Invok: Heroism           |       |       |     2 ||     2
  Use: Potion            |       |       |     7 ||     7
  Eat: Chunk             |     1 |    11 |    10 ||    22
Armor: Skin              |    47 |    61 |    77 ||   185
Dodge: Dodged            |   107 |   123 |   195 ||   425
       Rpst.: Falchion   |    36 |    11 |     5 ||    52

Table legend:
 A = Non-vault XP
 B = Vault XP
 C = Vault XP percentage of total XP
 D = Non-vault monster count
 E = Vault monster count
 F = Vault count percentage of total count
                 A         B        C        D         E       F
            +---------+---------+-------+---------+---------+-------
      Total |    2348 |     285 |  10.8 |     135 |      17 |  11.2
            +---------+---------+-------+---------+---------+-------
        D:1 |      38 |       0 |   0.0 |      20 |       0 |   0.0
        D:2 |      66 |      41 |  38.3 |      17 |       2 |  10.5
        D:3 |     105 |      33 |  23.9 |      21 |      10 |  32.3
        D:4 |     381 |      42 |   9.9 |      30 |       4 |  11.8
        D:5 |     522 |     169 |  24.5 |      18 |       1 |   5.3
        D:6 |     812 |       0 |   0.0 |      15 |       0 |   0.0
        D:7 |     424 |       0 |   0.0 |      14 |       0 |   0.0
            +---------+---------+-------+---------+---------+-------
